 Dungeon Crawl Stone Soup version 0.23-a0-183-gf37f6fb (webtiles) character file.

265 iamserjio the Ruffian (level 5, 8/45 HPs)
             Began as a Draconian Wanderer on Sept 21, 2018.
             Quit the game on level 4 of the Dungeon.
             The game lasted 00:08:16 (5124 turns).

iamserjio the Ruffian (Draconian Wanderer)          Turns: 5124, Time: 00:08:17

Health: 8/45       AC:  6    Str: 17    XL:     5   Next: 99%
Magic:  8/9        EV: 11    Int: 16    God:
Gold:   187        SH:  0    Dex:  9    Spells: 4/10 levels left

rFire    . . .     SeeInvis .     - Unarmed
rCold    . . .     Gourm    .   (no shield)
rNeg     . . .     Faith    .   (armour unavailable)
rPois    .         Spirit   .   (helmet restricted)
rElec    .         Reflect  .   (no cloak)
rCorr    .         Harm     .   i - +0 pair of gloves
MR       .....                  (no boots)
Stlth    +.........             (no amulet)
HPRegen  0.15/turn              o - +4 ring of strength
MPRegen  0.11/turn              (no ring)

@: confused, flying, heavily drained
A: unfitting armour, cold-blooded, AC +5
a: no special abilities


You were on level 4 of the Dungeon.
You were hungry.

You visited 1 branch of the dungeon, and saw 4 of its levels.

You collected 187 gold pieces.

Inventory:

Hand Weapons
 c - a +1 hunting sling of flaming
 d - a +0 club
 n - a +0 hunting sling
Missiles
 e - 207 stones (quivered)
 m - 18 sling bullets
 r - 2 tomahawks
Armour
 i - a +0 pair of gloves (worn)
 p - a +0 pair of gloves
Jewellery
 o - a +4 ring of strength (left hand)
 t - an uncursed ring of ice {unknown}
 u - an uncursed amulet of regeneration {unknown}
Wands
 b - a wand of clouds (2)
Scrolls
 a - a scroll of teleportation {unknown}
 g - 4 scrolls of identify {unknown}
 h - a scroll of enchant weapon {unknown}
 j - 3 scrolls of remove curse {unknown}
 q - a scroll of enchant armour {unknown}
 v - a scroll of noise {unknown}
Potions
 k - a potion of curing {@q1}
Comestibles
 f - 7 rations


   Skills:
 + Level 3.0(1.6) Fighting
 - Level 1.0(0.0) Stealth
 * Level 4.1(2.7) Unarmed Combat
 - Level 3.0(1.6) Spellcasting
   Level 2.0(0.6) Necromancy
 - Level 2.0(0.6) Translocations
 + Level 1.9(0.6) Transmutations
   Level 1.0(0.0) Air Magic
 - Level 1.4(0.1) Poison Magic
 - Level 1.0(0.0) Evocations


You had 4 spell levels left.
You knew the following spells:

 Your Spells              Type           Power        Failure   Level  Hunger
a - Beastly Appendage     Tmut           #.....       17%         1    ##.....
b - Blink                 Tloc           N/A          26%         2    ###....
c - Spider Form           Tmut/Pois      #.........   50%         3    ####...

Your spell library contained the following spells:

 Spells                   Type           Power        Failure   Level  Hunger
 Shroud of Golubria       Chrm/Tloc      #.........   28%         2    ###....
 Ensorcelled Hibernation  Hex/Ice        #.....       32%         2    ###....
 Throw Frost              Conj/Ice       #.....       32%         2    ###....
 Gell's Gravitas          Tloc           #.........   45%         3    ####...
 Lesser Beckoning         Tloc           #.........   45%         3    ####...
 Teleport Other           Tloc           #.......     45%         3    ####...
 Passage of Golubria      Tloc           N/A          86%         4    #####..


Dungeon Overview and Level Annotations

Branches:
Dungeon (4/15)
 Temple: D:4-7

Altars:
Gozag
Okawaru


Innate Abilities, Weirdness & Mutations

Your plain brown scales are hard. (AC +5)
You cannot fit into any form of body armour.
You are cold-blooded and may be slowed by cold attacks.


Message History

You are confused.
Your transformation has ended.
Your +0 pair of gloves unmelds from your body.
The orc hits you but does no damage.
You feel drained.
You hit the orc. The orc hits you but does no damage.
You feel drained. Something hits you.
* * * LOW HITPOINT WARNING * * *
The leopard gecko skeleton bites you but does no damage.
You feel better. The orc hits you but does no damage.
You feel drained. Something hits you.
* * * LOW HITPOINT WARNING * * *
The leopard gecko skeleton bites you but does no damage.
It was a potion of flight.
You feel very buoyant.
You fly up into the air.
The orc hits you but does no damage.
You feel drained. Something hits you but does no damage.
The leopard gecko skeleton closely misses you.
The orc closely misses you.
You hear some strange, mumbled words.
You are confused.

###........##.###
#..... ########......#
#..... ####.#.# #.....
#.#.# #..... #.#.#
#..... #.#.## #.....
#######.#..######..
.#.
##.....#.)..........
..
##....Z.@............
#....[.o.............
#....................
#....................
#......(.......>......
.......)..............
......................
.........#...........
.$................


You could see an orc and a leopard gecko skeleton.

Vanquished Creatures
  A phantom (D:4)
  An orc priest (D:3)
  2 orc wizards (D:4)
  3 adders
  2 worms
  4 leopard geckos
  7 orcs
  3 bats
  4 giant cockroaches
  8 goblins
  8 hobgoblins
  A quokka (D:2)
  A ball python (D:4)
  2 frilled lizards
  3 kobolds
  5 rats
55 creatures vanquished.

Notes
Turn   | Place    | Note
-------+----------+-------------------------------------------
     0 | D:1      | iamserjio the Draconian Wanderer began the quest for the
                  | Orb.
     0 | D:1      | iamserjio set off with: a +0 club, a ration
     0 | D:1      | Reached XP level 1. HP: 14/14 MP: 4/4
     3 | D:1      | Learned a level 1 spell: Beastly Appendage
   293 | D:1      | Reached skill level 1 in Unarmed Combat
   310 | D:1      | Reached XP level 2. HP: 14/22 MP: 6/6
   862 | D:1      | Reached skill level 1 in Fighting
  1500 | D:2      | Reached skill level 2 in Unarmed Combat
  1510 | D:2      | Reached XP level 3. HP: 24/28 MP: 7/7
  2390 | D:2      | Learned a level 2 spell: Blink
  2394 | D:2      | Learned a level 3 spell: Spider Form
  2524 | D:3      | Found an opulent altar of Gozag.
  2846 | D:3      | Found an iron altar of Okawaru.
  2996 | D:3      | Reached skill level 3 in Unarmed Combat
  2996 | D:3      | Reached XP level 4. HP: 20/36 MP: 5/8
  4206 | D:4      | Noticed a phantom
  4229 | D:4      | Killed a phantom
  4229 | D:4      | Reached skill level 1 in Transmutations
  4229 | D:4      | Reached skill level 1 in Poison Magic
  4229 | D:4      | Reached XP level 5. HP: 29/42 MP: 9/9
  4850 | D:4      | Reached skill level 4 in Unarmed Combat
  5124 | D:4      | Quit the game

Vault maps used:
D:1:      saegor_arrival_simple_c
D:2:      minmay_misc_feat_square, minmay_domino_4
D:3:      okawaru_trees_1, first_ration, nicolae_gozag_seed_capital

Skill      XL: |  1  2  3  4  5 |
---------------+----------------+-----
Unarmed Combat | 1 2 3 4 |  4.1
Fighting       | 1 2 3 |  3.0
Transmutations | 1 |  1.9
Poison Magic   | 1 |  1.4
Stealth        | |  1.0
Spellcasting   | |  3.0
Necromancy     | |  2.0
Translocations | |  2.0
Air Magic      | |  1.0
Evocations     | |  1.0

Action                   |  1- 3 |  4- 6 || total
-------------------------+-------+-------++-------
Melee: Club              |    68 |       ||    68
       Tailslap          |    14 |     8 ||    22
       Headbutt          |     1 |       ||     1
       Unarmed           |   156 |    94 ||   250
       Punch             |     1 |     1 ||     2
 Fire: Hunting sling     |       |    20 ||    20
 Cast: Beastly Appendage |     2 |       ||     2
       Spider Form       |     1 |     2 ||     3
       Blink             |       |     1 ||     1
  Use: Potion            |     3 |     3 ||     6
 Stab: Sleeping          |     2 |       ||     2
  Eat: Chunk             |     7 |     3 ||    10
       Ration            |       |     1 ||     1
Armor: Skin              |    71 |    31 ||   102
Dodge: Dodged            |   128 |    78 ||   206

Table legend:
 A = Non-vault XP
 B = Vault XP
 C = Vault XP percentage of total XP
 D = Non-vault monster count
 E = Vault monster count
 F = Vault count percentage of total count
                 A         B        C        D         E       F
            +---------+---------+-------+---------+---------+-------
      Total |     370 |       9 |   2.4 |      51 |       4 |   7.3
            +---------+---------+-------+---------+---------+-------
        D:1 |      20 |       0 |   0.0 |      11 |       0 |   0.0
        D:2 |      35 |       9 |  20.5 |      12 |       4 |  25.0
        D:3 |     103 |       0 |   0.0 |      20 |       0 |   0.0
        D:4 |     212 |       0 |   0.0 |       8 |       0 |   0.0
            +---------+---------+-------+---------+---------+-------
